 Dungeon Crawl Stone Soup version 0.25.0-45-g978344163c (webtiles) character file.

Game seed: 14706602378562108376

6030 Peloso the Carver (level 10, -1/86 HPs)
             Began as a Ghoul Fighter on July 11, 2020.
             Was a Priest of Okawaru.
             Splashed by an acid dragon's acid (8 damage)
             ... on level 12 of the Dungeon.
             The game lasted 00:23:46 (12945 turns).

Peloso the Carver (Ghoul Fighter)                  Turns: 12945, Time: 00:23:47

Health: -1/86      AC: 14    Str: 21    XL:     10   Next: 86%
Magic:  9/9        EV:  6    Int:  3    God:    Okawaru [***...]
Gold:   674        SH: 11    Dex: 11    Spells: 9/9 levels left

rFire    . . .     SeeInvis .   a - +0 long sword
rCold    + . .     Gourm    .   c - +0 kite shield
rNeg     + + +     Faith    .   B - +0 plate armour
rPois    ∞         Spirit   .   y - +0 helmet of the Moon {MR++ Stlth+}
rElec    .         Reflect  .   (no cloak)
rCorr    .         Harm     .   (no gloves)
MR       ++...                  (no boots)
Stlth    ..........             (no amulet)
HPRegen  0.00/turn              (no ring)
MPRegen  0.11/turn              (no ring)

@: marked, very slightly contaminated, rotting
A: rotting body, claws 1, carnivore, cold resistance 1, negative energy
resistance 3, inhibited regeneration, torment resistance, unbreathing
a: Heroism, Renounce Religion


You were on level 12 of the Dungeon.
You worshipped Okawaru.
Okawaru was most pleased with you.
You were not hungry.

You visited 2 branches of the dungeon, and saw 12 of its levels.

You collected 674 gold pieces.

Inventory:

Hand Weapons
 a - a +0 long sword (weapon)
 s - a +1 hand axe of flaming
Armour
 c - a +0 kite shield (worn)
 e - a +0 chain mail
 i - a +0 scale mail
 y - the +0 helmet of the Moon (worn) {MR++ Stlth+}
   (You found it on level 5 of the Dungeon)

   It affects your resistance to hostile enchantments.
   It makes you more stealthy.
 B - a +0 plate armour (worn)
Jewellery
 o - an uncursed ring of see invisible
 H - an uncursed ring of wizardry {unknown}
Wands
 p - a wand of acid (2)
 q - a wand of flame (23)
 w - a wand of paralysis (5)
 D - a wand of iceblast (7)
 E - a wand of polymorph (3)
 G - a wand of random effects (21)
Scrolls
 b - 3 scrolls of enchant armour {unknown}
 h - 2 scrolls of blinking
 n - 4 scrolls of remove curse
 t - 2 scrolls of identify
 u - 4 scrolls of enchant weapon {unknown}
 v - 2 scrolls of amnesia
 C - a scroll of fog
Potions
 d - a potion of might
 g - a potion of ambrosia
 j - 2 potions of haste
 k - a potion of brilliance
 l - 3 potions of curing
 m - a potion of resistance
 z - a potion of cancellation {unknown}
 A - a potion of berserk rage
Comestibles
 f - 18 rations
 x - 3 chunks of flesh


   Skills:
 + Level 7.2 Fighting
 + Level 9.0 Long Blades
 + Level 0.8 Axes
 + Level 7.1 Armour
 + Level 2.4 Dodging
 + Level 1.3 Stealth
 + Level 8.0 Shields
 + Level 0.4 Invocations
 + Level 0.3 Evocations


You had 9 spell levels left.
You didn't know any spells.
Your spell library contained the following spells:

 Spells                   Type           Power        Failure   Level  Hunger
 Freeze                   Ice            #...         100%        1    ##.....
 Sting                    Tmut/Pois      #...         100%        1    ##.....
 Poisonous Vapours        Pois/Air       #.....       100%        2    ###....
 Ignite Poison            Fire/Tmut/Pois #.......     100%        3    ####...
 Mephitic Cloud           Conj/Pois/Air  #.......     100%        3    ####...
 Olgreb's Toxic Radiance  Pois           #.......     100%        4    #####..
 Irradiate                Conj/Tmut      #.........   100%        5    ######.
 Ozocubu's Refrigeration  Ice            #.........   100%        6    #######
 Beastly Appendage        Tmut           Unusable     N/A         1    N/A
 Blade Hands              Tmut           Unusable     N/A         5    N/A
 Hydra Form               Tmut           Unusable     N/A         6    N/A
 Statue Form              Tmut/Erth      Unusable     N/A         6    N/A
 Dragon Form              Tmut           Unusable     N/A         7    N/A

Dungeon Overview and Level Annotations

Branches:
Dungeon (10/15)            Temple (1/1) D:5
   Lair: D:8-11         Orc: D:9-12

Altars:
Ashenzari
Cheibriados
Dithmenos
Elyvilon
Fedhas
Gozag
Hepliaklqana
Kikubaaqudgha
Makhleb
Nemelex Xobeh
Okawaru
Sif Muna
Trog
Uskayaw
Vehumet
Wu Jian
Xom
Yredelemnul
Zin
The Shining One

Shops:
D:6 *   D:12 [


Innate Abilities, Weirdness & Mutations

Your body is rotting away.
You thrive on raw meat.
You are immune to poison.
You have sharp fingernails.
You are carnivorous and can eat meat at any time.
Your flesh is cold resistant. (rC+)
You are immune to negative energy. (rN+++)
You do not regenerate when monsters are visible.
You are immune to unholy pain and torment.
You can survive without breathing.


Message History

A howler monkey comes into view.
The centaur shoots an arrow.
You block the arrow.
You see here 2 arrows.
You feel much better.
The centaur shoots an arrow.
You block the arrow.
The orc wizard gestures at you while chanting.
The puff of flame hits you.
* * * LOW HITPOINT WARNING * * *
The centaur shoots an arrow.
You block the arrow.
A slime creature comes into view.
The howler monkey hoots and howls with incredible vigour!
The centaur shoots an arrow.
The arrow hits you but does no damage.
You see here 2 arrows.
Unknown command.
The centaur shoots an arrow.
You block the arrow.
The howler monkey hoots and howls with incredible vigour!
The acid dragon spits acid at you. The splash of acid hits you!
* * * LOW HITPOINT WARNING * * *
You are splashed with acid!
You die...

####..#### #####.....#
#......... ..........#
#......... .......)..#
#......... ..........#
#.........
..........#####o........
..............o......[..
.....>........o..%......
....>.D@(...e...........
.........(.........§....
.^..........cc..........
........W.#####(........
........c♣c♣.♣.♣.♣.♣....
....$...⌠.cY⌠(..⌠...⌠...
.......♣.♣.♣c♣.♣.♣.♣.♣..
#####.J.ho⌠.oc⌠...⌠.....
#..♣.♣.♣.♣.♣.♣.♣.♣[.


You could see a slime creature, a deep elf mage, a hungry ghost, an acid dragon
(catching breath), an ice beast, 7 centaurs, a howler monkey (catching breath),
an orc wizard and 3 orcs.

Vanquished Creatures
  Erolcha (D:9)
  A cyclops (D:12)
  A troll (D:9)
  Sigmund (D:2)
  A wraith (D:5)
  A water moccasin (D:8)
  2 ice beasts
  A hornet zombie (D:8)
  2 orc warriors
  3 ogres
  2 black bears
  A necrophage (D:6)
  3 phantoms
  A big kobold (D:7)
  7 bullfrogs
  2 water moccasin skeletons
  9 killer bees
  3 scorpions
  A howler monkey (D:5)
  4 crimson imps
  A quasit (D:9)
  2 centaur zombies
  4 orc priests
  A bullfrog zombie (D:6)
  4 hounds
  4 jellies (D:9)
  3 iguanas
  12 orc wizards
  7 worker ants
  4 gnolls
  2 howler monkey skeletons (D:4)
  10 adders
  3 shadow imps
  5 oozes (D:9)
  3 worms
  3 leopard geckos
  38 orcs
  A ball python (D:4)
  6 giant cockroaches
  9 goblins
  11 hobgoblins
  8 jackals
  12 kobolds
  5 quokkas
  7 bats
  6 frilled lizards
  A jackal skeleton (D:7)
  A jackal zombie (D:6)
  A leopard gecko skeleton (D:6)
  2 quokka skeletons
  5 rats
228 creatures vanquished.

Vanquished Creatures (others)
  A scorpion (D:7)
1 creature vanquished.

Grand Total: 229 creatures vanquished

Notes
Turn   | Place    | Note
-------+----------+-------------------------------------------
     0 | D:1      | Peloso the Ghoul Fighter began the quest for the Orb.
     0 | D:1      | Reached XP level 1. HP: 19/19 MP: 0/0
   212 | D:1      | Reached XP level 2. HP: 23/26 MP: 1/1
   360 | D:1      | Reached skill level 2 in Long Blades
   601 | D:1      | Reached XP level 3. HP: 19/31 MP: 2/2
  1451 | D:2      | Noticed a +0 dagger
  1473 | D:2      | Noticed a +0 dagger
  1475 | D:2      | Found a hide-covered altar of Uskayaw.
  2085 | D:2      | Reached XP level 4. HP: 28/38 MP: 3/3
  2269 | D:2      | Found a shimmering altar of Xom.
  2488 | D:2      | Found a bloodstained altar of Trog.
  2566 | D:2      | Noticed Sigmund
  2579 | D:2      | Killed Sigmund
  2579 | D:2      | Reached skill level 3 in Long Blades
  2579 | D:2      | Reached XP level 5. HP: 4/46 MP: 4/4
  2579 | D:2      | Reached XP level 6. HP: 4/52 MP: 5/5
  3194 | D:2      | Reached skill level 1 in Dodging
  4011 | D:3      | Found an ancient bone altar of Kikubaaqudgha.
  4461 | D:4      | Paralysed by an orc wizard for 2 turns
  4476 | D:4      | Paralysed by an orc wizard for 5 turns
  4491 | D:4      | Paralysed by an orc wizard for 3 turns
  4496 | D:4      | Reached skill level 4 in Long Blades
  4496 | D:4      | Reached XP level 7. HP: 24/58 MP: 6/6
  5099 | D:4      | Reached skill level 1 in Stealth
  5775 | D:5      | Entered Level 5 of the Dungeon
  5819 | D:5      | Found a staircase to the Ecumenical Temple.
  5829 | Temple   | Entered the Ecumenical Temple
  5893 | Temple   | Became a worshipper of Warmaster Okawaru
  6186 | D:5      | Found a blossoming altar of Fedhas.
  6203 | D:5      | Reached XP level 8. HP: 53/65 MP: 7/7
  6442 | D:5      | Reached skill level 5 in Long Blades
  6743 | D:5      | Found a shadowy altar of Dithmenos.
  6750 | D:5      | Got a shimmering helmet
  6765 | D:5      | Reached skill level 5 in Shields
  6768 | D:5      | Reached skill level 5 in Armour
  6776 | D:5      | Identified the cursed +0 helmet of the Moon {MR++ Stlth+}
                  | (You found it on level 5 of the Dungeon)
  7007 | D:5      | Noticed a wraith
  7039 | D:5      | Killed a wraith
  7348 | D:5      | Found a snail-covered altar of Cheibriados.
  7360 | D:5      | Found a burning altar of Makhleb.
  7689 | D:6      | Reached skill level 5 in Fighting
  7884 | D:6      | Reached XP level 9. HP: 64/74 MP: 8/8
  7945 | D:6      | Found Bojushrel's Assorted Antiques.
  7993 | D:6      | Reached * piety under Okawaru
  7993 | D:6      | Reached skill level 6 in Long Blades
  8691 | D:7      | Reached skill level 7 in Long Blades
  8804 | D:7      | Found a shimmering blue altar of Sif Muna.
  8829 | D:7      | Found an ornate altar of the Wu Jian Council.
  9228 | D:7      | Found a basalt altar of Yredelemnul.
  9228 | D:7      | Found an opulent altar of Gozag.
  9900 | D:8      | Reached ** piety under Okawaru
 10022 | D:8      | Identified Nouzitax's Tome of the Unstable Frostbite
 10566 | D:9      | Reached XP level 10. HP: 81/84 MP: 9/9
 10908 | D:9      | Noticed Erolcha
 10929 | D:9      | Killed Erolcha
 10929 | D:9      | Reached skill level 8 in Long Blades
 11703 | D:9      | HP: 4/83 [troll (5)]
 12260 | D:10     | Entered Level 10 of the Dungeon
 12455 | D:9      | Reached *** piety under Okawaru
 12702 | D:10     | You fall into a shaft and drop 2 floors!
 12757 | D:12     | Noticed a cyclops
 12801 | D:12     | Killed a cyclops
 12877 | D:12     | Reached skill level 9 in Long Blades
 12891 | D:12     | Found Yrefoluo's Armour Boutique.
 12937 | D:12     | Noticed a deep elf mage
 12939 | D:12     | HP: 4/86 [deep elf mage/bolt of fire (39)]
 12945 | D:12     | Splashed by an acid dragon's acid

Illustrated notes

Levels and vault maps discovered:
D:1:      dpeg_arrival_brainrot, layout_basic, minmay_pentomino_x2
D:2:      layout_rooms, marbit_many_paths, dancing_weapons_uskayaw,
          xom_teletrap_fun, uniq_sigmund
D:3:      layout_basic, lemuel_coloured_pillars_altar, minivault_23
D:4:      layout_cave_pods
D:5:      layout_gridville, kennysheep_mini_moat, fedhas_altar_1,
          makhleb_grotto_becter, minmay_temple_entry_slanted, basic_altar,
          first_ration, st_stairs_14, minmay_small_thing
D:6:      layout_loops_cross, serial_shops, shop
D:7:      layout_loops_ring, kennysheep_mini, lemuel_doored_altar,
          amethyst_overflow_temple_binary
D:8:      layout_rooms
D:9:      layout_stronghold, hangedman_little_slice_of_home, uniq_erolcha
D:10:     layout_cave_pools, basic_altar
D:12:     layout_big_octagon, serial_shops, shop, nicolae_sextant,
          kennysheep_crisscross, minmay_guarded_unrand_prune, uniq_snorg
Temple:   jpeg_temple_clearing

Skill      XL: |  1  2  3  4  5  6  7  8  9 10 |
---------------+-------------------------------+-----
Long Blades    | 2 3 4 5 7 9 |  9.0
Shields        | 3 4 5 6 8 |  8.0
Armour         | 3 4 5 6 7 |  7.1
Dodging        | 1 2 |  2.4
Fighting       | 4 5 6 7 |  7.2
Stealth        | 1 |  1.3
Axes           | |  0.8
Invocations    | |  0.4
Evocations     | |  0.3

Action                   |  1- 3 |  4- 6 |  7- 9 | 10-12 || total
-------------------------+-------+-------+-------+-------++-------
Melee: Long sword        |    88 |   250 |   696 |   259 ||  1293
       Hand axe          |    93 |       |       |       ||    93
Invok: Heroism           |       |       |     5 |     5 ||    10
Evoke: Wand              |       |       |     3 |     3 ||     6
  Use: Scroll            |     5 |     1 |     4 |     6 ||    16
       Potion            |       |     7 |     2 |     2 ||    11
 Stab: Paralysed         |       |     3 |       |       ||     3
  Eat: Chunk             |     6 |     6 |    25 |     8 ||    45
       Ration            |       |       |     1 |     1 ||     2
Armor: Scale mail        |   116 |    24 |       |       ||   140
       Chain mail        |       |   112 |   296 |       ||   408
       Plate armour      |       |       |    65 |   178 ||   243
Dodge: Dodged            |    82 |    73 |   193 |    65 ||   413
Block: Kite shield       |   105 |   135 |   412 |   184 ||   836
       Rpst.: Long sword |    14 |    21 |    50 |    20 ||   105
